 Dungeon Crawl Stone Soup version 0.29.1-15-g9cfb28693d (webtiles) character file.

Game seed: 18075958722541451747

337 jtron the Geomancer (level 6, -1/44 HPs)
             Began as a Gnoll Wanderer on Mar 21, 2023.
             Killed from afar by Natasha (8 damage)
             ... with a magic dart
             ... on level 3 of the Dungeon.
             The game lasted 00:06:42 (3838 turns).

jtron the Geomancer (Gnoll Wanderer)                Turns: 3838, Time: 00:06:43

Health: -1/44      AC:  3    Str:  8 (9)  XL:     6   Next: 54%
Magic:  11/11      EV: 12    Int: 22 (23) God:
Gold:   107        SH:  0    Dex:  9 (10) Spells: 6/12 levels left

rFire   . . .      SeeInvis .   a - +0 short sword
rCold   . . .      Faith    .   (no shield)
rNeg    . . .      Spirit   .   h - +1 robe "Hoive" {rPois Will++ Int+6}
rPois   +          Reflect  .   (no helmet)
rElec   .          Harm     .   (no cloak)
rCorr   .          Rampage  .   (no gloves)
Will    ++...                   (no boots)
Stlth   ++........              (no amulet)
HPRegen 0.14/turn               (no ring)
MPRegen 0.12/turn               (no ring)

@: no status effects
A: fangs 1, strong nose, distributed training
a: no special abilities


You were on level 3 of the Dungeon.
You visited 1 branch of the dungeon, and saw 3 of its levels.

You collected 107 gold pieces.

Inventory:

Hand Weapons
 a - a +0 short sword (weapon)
 e - a +0 club
Missiles
 b - 19 stones (quivered)
 r - 3 boomerangs
Armour
 c - a +0 ring mail
 d - a +0 leather armour
 h - the +1 robe "Hoive" (worn) {rPois Will++ Int+6}
   (You found it on level 2 of the Dungeon)

   Int:       It affects your intelligence (+6).
   rPois:     It protects you from poison.
   Will:      It greatly increases your willpower.
Jewellery
 g - an amulet of faith
 i - a ring of ice
Wands
 j - a wand of polymorph (12)
Scrolls
 k - a scroll of magic mapping
 m - a scroll of fear
 n - 2 scrolls of teleportation {unknown}
 o - a scroll of brand weapon {unknown}
 p - a scroll of silence {unknown}
Potions
 f - a potion of heal wounds
 l - a potion of ambrosia
 q - a potion of degeneration


   Skills:
 + Level 2.1 Fighting
 + Level 2.1 Short Blades
 + Level 2.1 Long Blades
 + Level 2.1 Axes
 + Level 2.1 Maces & Flails
 + Level 2.1 Polearms
 + Level 2.1 Staves
 + Level 2.1 Ranged Weapons
 + Level 2.1 Throwing
 + Level 6.9 Armour
 + Level 2.1 Dodging
 + Level 2.1 Stealth
 + Level 2.1 Shields
 + Level 2.1 Unarmed Combat
 + Level 3.5 Spellcasting
 + Level 1.6 Conjurations
 + Level 1.6 Hexes
 + Level 2.7 Summonings
 + Level 1.6 Necromancy
 + Level 1.6 Translocations
 + Level 1.6 Transmutations
 + Level 1.6 Fire Magic
 + Level 1.6 Ice Magic
 + Level 1.6 Air Magic
 + Level 8.9 Earth Magic
 + Level 1.6 Poison Magic
 + Level 2.3 Invocations
 + Level 2.1 Evocations


You had 6 spell levels left.
You knew the following spells:

 Your Spells              Type           Power      Damage    Failure   Level
a - Sandblast             Erth           86%        2d18      1%          1
b - Call Canine Familiar  Summ           15%        N/A       12%         3
c - Blink                 Tloc           22%        N/A       9%          2

Your spell library contained the following spells:

 Spells                   Type           Power      Damage    Failure   Level
 Passwall                 Tmut/Erth      22%        N/A       1%          2
 Summon Small Mammal      Summ           60%        N/A       3%          1
 Shock                    Conj/Air       44%        1d5       6%          1
 Leda's Liquefaction      Hex/Erth       13%        N/A       13%         4
 Lesser Beckoning         Tloc           11%        N/A       19%         3
 Swiftness                Air            11%        N/A       19%         3
 Airstrike                Air            5%         2d(1-17)  52%         4
 Manifold Assault         Tloc           11%        N/A       86%         5


Dungeon Overview and Level Annotations

Branches:
Dungeon (3/15)

Altars:

Annotations:
D:3 Natasha


Innate Abilities, Weirdness & Mutations

You have very sharp teeth.
Your uncanny sense of smell can sniff out nearby items.
Your experience applies equally to all skills.


Message History

You are too injured to fight recklessly!
You hit the shadow imp but do no damage.
The shadow imp is severely wounded.
Natasha mumbles some strange words.
The crimson imp closely misses you. The shadow imp misses you.
You hit the shadow imp but do no damage.
You punch the shadow imp, but do no damage.
The shadow imp is severely wounded.
The shadow imp disappears in a puff of smoke!
Natasha misses you. The crimson imp misses you.
You hit Natasha but do no damage.
Natasha is almost dead.
Natasha casts a spell at you. The magic dart hits you!
* * * LOW HITPOINT WARNING * * *
You hit Natasha.
Natasha is almost dead.
The crimson imp barely misses you. Natasha closely misses you.
You hit Natasha but do no damage.
Natasha is almost dead.
The crimson imp grinds its teeth.
The crimson imp hits you but does no damage.
Natasha barely misses you.
You barely miss Natasha.
Natasha is almost dead.
The crimson imp hits you but does no damage.
Natasha claws you.
* * * LOW HITPOINT WARNING * * *
You barely miss Natasha.
Natasha is almost dead.
The crimson imp hits you.
* * * LOW HITPOINT WARNING * * *
Natasha casts a spell.
You hit Natasha.
Natasha is almost dead.
The crimson imp hits you.
* * * LOW HITPOINT WARNING * * *
Natasha casts a spell at you. The magic dart hits you!
You die...

... ..h .... .....
....h#### ........#
........######### #
............hhh@# #
.......K#######5## #
...[..... #5.# #
..####....## ##.# # #
#.......###.#### #
#.............[#### #
#>.#.###..........####
##
...#.#...###.##......###
#. ...##
#.###..##...###.


You could see Natasha, 2 crimson imps and 2 jackals.

Vanquished Creatures
  An iguana (D:3)
  3 gnolls (D:2)
  4 adders (D:2)
  A worm (D:3)
  A dart slug (D:1)
  An orc (D:3)
  3 bats
  5 endoplasms
  4 giant cockroaches
  3 goblins
  4 hobgoblins
  3 kobolds
  4 ball pythons (D:1)
  4 frilled lizards
  4 rats
45 creatures vanquished.

Vanquished Creatures (collateral kills)
  Grinder (D:3)
  An endoplasm (D:3)
  A jackal (D:3)
3 creatures vanquished.

Grand Total: 48 creatures vanquished

Notes
Turn   | Place    | Note
-------+----------+-------------------------------------------
     0 | D:1      | jtron the Gnoll Wanderer began the quest for the Orb.
     0 | D:1      | jtron set off with the following items: a +0 club, a potion
                  | of lignification, a +0 ring mail; and the following spells
                  | available to memorise: Sandblast, Passwall, Summon Small
                  | Mammal, Call Canine Familiar, Leda's Liquefaction.
     0 | D:1      | Reached XP level 1. HP: 13/13 MP: 4/4
     2 | D:1      | Learned a level 1 spell: Sandblast
   470 | D:1      | Reached XP level 2. HP: 10/19 MP: 5/5
  1823 | D:1      | Reached XP level 3. HP: 19/25 MP: 7/7
  1918 | D:1      | Found a faded altar of an unknown god.
  2317 | D:2      | Reached skill level 1 in Invocations
  2364 | D:2      | Identified the +1 robe "Hoive" {rPois Will++ Int+6}
  2380 | D:2      | Learned a level 3 spell: Call Canine Familiar
  2463 | D:2      | Reached skill level 1 in Fighting
  2463 | D:2      | Reached skill level 1 in Short Blades
  2463 | D:2      | Reached skill level 1 in Long Blades
  2463 | D:2      | Reached skill level 1 in Axes
  2463 | D:2      | Reached skill level 1 in Maces & Flails
  2463 | D:2      | Reached skill level 1 in Polearms
  2463 | D:2      | Reached skill level 1 in Staves
  2463 | D:2      | Reached skill level 1 in Ranged Weapons
  2463 | D:2      | Reached skill level 1 in Throwing
  2463 | D:2      | Reached skill level 1 in Dodging
  2463 | D:2      | Reached skill level 1 in Stealth
  2463 | D:2      | Reached skill level 1 in Shields
  2463 | D:2      | Reached skill level 1 in Unarmed Combat
  2463 | D:2      | Reached skill level 1 in Evocations
  2487 | D:2      | Reached XP level 4. HP: 32/32 MP: 6/8
  2621 | D:2      | Reached skill level 1 in Conjurations
  2621 | D:2      | Reached skill level 1 in Hexes
  2621 | D:2      | Reached skill level 1 in Necromancy
  2621 | D:2      | Reached skill level 1 in Translocations
  2621 | D:2      | Reached skill level 1 in Transmutations
  2621 | D:2      | Reached skill level 1 in Fire Magic
  2621 | D:2      | Reached skill level 1 in Ice Magic
  2621 | D:2      | Reached skill level 1 in Air Magic
  2621 | D:2      | Reached skill level 1 in Poison Magic
  3289 | D:3      | Reached XP level 5. HP: 15/37 MP: 7/9
  3469 | D:3      | Learned a level 2 spell: Blink
  3514 | D:3      | Noticed Grinder
  3522 | D:3      | Killed Grinder
  3523 | D:3      | Reached XP level 6. HP: 14/44 MP: 4/11
  3784 | D:3      | Noticed Natasha
  3838 | D:3      | Killed from afar by Natasha

Illustrated notes

Levels and vault maps discovered:
D:1:      dpeg_arrival_more_subterranean_lakeside_camping, layout_loops_cross,
          basic_ecumenical_altar, minmay_fountain_box
D:2:      layout_basic
D:3:      layout_rooms, uniq_natasha, uniq_grinder

Skill      XL: |  1  2  3  4  5 |
---------------+----------------+-----
Summonings     | 2 |  2.7
Invocations    | 1 2 |  2.3
Fighting       | 1 2 |  2.1
Short Blades   | 1 2 |  2.1
Long Blades    | 1 2 |  2.1
Axes           | 1 2 |  2.1
Maces & Flails | 1 2 |  2.1
Polearms       | 1 2 |  2.1
Staves         | 1 2 |  2.1
Ranged Weapons | 1 2 |  2.1
Throwing       | 1 2 |  2.1
Dodging        | 1 2 |  2.1
Stealth        | 1 2 |  2.1
Shields        | 1 2 |  2.1
Unarmed Combat | 1 2 |  2.1
Evocations     | 1 2 |  2.1
Spellcasting   | 3 |  3.5
Conjurations   | 1 |  1.6
Hexes          | 1 |  1.6
Necromancy     | 1 |  1.6
Translocations | 1 |  1.6
Transmutations | 1 |  1.6
Fire Magic     | 1 |  1.6
Ice Magic      | 1 |  1.6
Air Magic      | 1 |  1.6
Poison Magic   | 1 |  1.6
Armour         | |  6.9
Earth Magic    | |  8.9

Action                   |  1- 3 |  4- 6 || total
-------------------------+-------+-------++-------
Melee: Short sword       |   146 |    47 ||   193
       Bite              |    12 |     5 ||    17
       Punch             |     5 |     1 ||     6
       Club              |     3 |       ||     3
 Cast: Sandblast         |     7 |    18 ||    25
       Call Canine Famil |       |     3 ||     3
  Use: Scroll            |     2 |     3 ||     5
       Potion            |     1 |     1 ||     2
 Stab: Sleeping          |     1 |       ||     1
Armor: Leather armour    |    48 |       ||    48
       Skin              |     5 |       ||     5
       Robe              |       |     8 ||     8
Dodge: Dodged            |    80 |    31 ||   111
